Map: Thunderbird LE

Players

soul

  • Race: Terran Terran
  • League: Grandmaster
  • Spawn Location: 11:00

OGZest (Zest) - Winner!

  • Race: Protoss Protoss
  • Spawn Location: 5:00

Event: HomeStory Cup XIX

VOD

Have the link to the VOD?

Description

Time

  • Played on: June 28, 2019, 2:06 p.m.
  • Length: 13:27

All games in this series

Show
View Real Time Build Order
Export as new Build Order

soul Terran 

Build Orders: Gas First Reaper Expand 

Get SALT Encoding   

  12  0:00  SCV  
  13  0:12  SCV  
  14  0:18  Supply Depot  
  14  0:24  SCV  
  15  0:28  Refinery  
  15  0:39  SCV  
  16  0:44  Barracks  
  16  0:51  SCV  
  17  1:03  SCV  
  18  1:18  SCV  
  19  1:36  Orbital Command, Reaper  
  20  1:48  Command Center  
  20  1:56  Factory  
  20  2:02  SCV  
  21  2:11  Supply Depot  
  21  2:12  Barracks Reactor  
  21  2:15  SCV  
  22  2:18  Refinery  
  22  2:27  SCV  
  23  2:39  SCV  
  23  2:43  Starport  
  24  2:48  Marine x2  
  24  2:49  Widow Mine  
  24  2:51  SCV  
  29  3:03  SCV  
  29  3:04  Orbital Command  
  30  3:06  Marine x2  
  32  3:15  Widow Mine, SCV  
  37  3:27  SCV  
  37  3:29  Starport Tech Lab, Marine x2  
  37  3:31  SCV  
  39  3:34  Supply Depot  
  39  3:39  SCV  
  40  3:42  Factory Tech Lab  
  40  3:43  SCV  
  40  3:46  Supply Depot  
  41  3:51  SCV  
  41  3:55  SCV  
  45  4:03  SCV  
  45  4:06  Banshee  
  45  4:07  Cloaking Field  
  48  4:10  Marine x2  
  48  4:15  SCV  
  50  4:17  Command Center  
  50  4:20  Siege Tank  
  50  4:22  SCV  
  54  4:25  Bunker  
  54  4:28  SCV  
  55  4:34  SCV  
  55  4:36  Refinery  
  55  4:38  Refinery  
  55  4:40  Supply Depot  
  55  4:41  Marine, SCV  
  55  4:43  Marine  
  58  4:46  SCV  
  58  4:50  Banshee  
  62  5:01  Barracks  
  62  5:02  Barracks  
  62  5:03  Siege Tank  
  62  5:05  SCV  
  66  5:09  Marine, SCV  
  68  5:15  Marine  
  68  5:17  SCV  
  70  5:28  Engineering Bay x2  
  70  5:29  SCV x2  
  70  5:33  Raven  
  70  5:35  Marine  
  76  5:38  Orbital Command  
  76  5:40  Marine  
  76  5:41  SCV  
  76  5:42  Siege Tank  
  78  5:47  SCV  
  78  5:48  Supply Depot  
  76  5:52  Marine  
  76  5:54  Barracks Tech Lab x2  
  76  5:55  SCV  
  78  5:59  Terran Infantry Armor Level 1  
  78  6:00  Terran Infantry Weapons Level 1  
  78  6:02  Marine, SCV  
  78  6:04  SCV  
  81  6:10  Marine  
  82  6:12  SCV  
  82  6:14  Combat Shield  
  82  6:15  Stimpack, Marine  
  86  6:18  Marauder  
  86  6:20  Marine  
  86  6:23  SCV, Supply Depot  
  86  6:24  SCV, Supply Depot  
  86  6:25  Starport Reactor  
  89  6:29  Orbital Command  
  89  6:31  Marine  
  89  6:33  Marauder  
  89  6:36  SCV  
  89  6:38  SCV  
  93  6:45  Marauder, Marine  
  96  6:49  SCV  
  97  6:54  SCV x2  
  97  6:55  Armory  
  97  6:56  Factory Reactor, Supply Depot  
  97  6:57  Supply Depot x3  
  97  7:01  SCV  
  97  7:06  SCV  
  97  7:07  Medivac x2  
  97  7:08  Barracks  
  102  7:09  Barracks  
  102  7:10  SCV  
  103  7:16  Supply Depot  
  103  7:17  SCV, Supply Depot  
  103  7:18  Marine  
  103  7:19  SCV  
  103  7:22  Marauder  
  108  7:24  Marauder  
  108  7:28  Ghost Academy  
  110  7:30  Refinery  
  110  7:32  Refinery  
  110  7:33  Concussive Shells  
  110  7:37  Marine, Missile Turret, SCV x2  
  110  7:39  Medivac  
  110  7:41  Supply Depot  
  110  7:42  Medivac  
  117  7:45  SCV  
  117  7:48  Marauder, Marine  
  117  7:49  Marauder, SCV  
  124  7:57  Barracks Reactor  
  123  7:59  Terran Infantry Weapons Level 2, SCV  
  123  8:03  SCV  
  123  8:04  Marauder  
  127  8:06  Command Center  
  127  8:09  Medivac  
  127  8:10  Terran Infantry Armor Level 2  
  127  8:12  SCV x2  
  131  8:14  Marine  
  131  8:15  Supply Depot x2  
  131  8:17  Ghost  
  134  8:23  Marine x2  
  134  8:25  Marine, Widow Mine x2  
  141  8:31  Marine  
  141  8:33  Medivac  
  143  8:34  Marine  
  143  8:41  Marauder, Marine  
  144  8:43  Marine  
  144  8:45  Barracks x2  
  144  8:46  Marauder  
  144  8:47  Barracks, Widow Mine  
  149  8:53  Marine  
  150  9:00  Viking  
  156  9:03  Viking, Marauder  
  156  9:06  Marine  
  156  9:07  Marine  
  151  9:15  SCV  
  140  9:18  SCV  
  140  9:22  SCV  
  143  9:26  Ghost x3  
  143  9:27  Marine x4  
  143  9:28  SCV  
  143  9:30  SCV  
  147  9:32  Widow Mine  
  147  9:33  Widow Mine  
  147  9:34  SCV  
  152  9:39  Marauder, Marine  
  152  9:44  Marine  
  152  9:45  Marine  
  157  9:49  Marine  
  156  9:57  Medivac x2  
  164  10:01  Marine x2  
  164  10:04  Command Center  
  164  10:05  Barracks Tech Lab  
  168  10:09  Marine x3  
  168  10:10  Ghost  
  168  10:11  Marine, Ghost  
  168  10:14  Marauder  
  168  10:18  Marine  
  169  10:21  Marine  
  169  10:26  Marine  
  169  10:27  Marine x3  
  174  10:29  Marauder  
  169  10:36  Marine, Marauder  
  169  10:39  Marine  
  169  10:40  Marauder x2  
  160  10:44  Marine  
  160  10:45  Marine x3  
  160  10:48  Medivac x2  
  159  10:50  Marine  
  159  10:54  Marine  
  159  10:56  Marine  
  149  10:57  Marine  
  149  11:01  Marine x2  
  149  11:02  Marine, Marauder  
  149  11:03  Marine  
  141  11:04  SCV x3  
  141  11:08  Marauder  
  146  11:12  Marine  
  146  11:13  Sensor Tower  
  146  11:15  Marauder  
  146  11:16  SCV  
  146  11:17  SCV x2  
  152  11:19  Marauder, Planetary Fortress  
  152  11:20  Marine x5  
  152  11:25  Refinery  
  160  11:28  SCV  
  160  11:30  Refinery, SCV  
  160  11:31  Marine  
  160  11:32  Marauder  
  165  11:38  Marine, SCV  
  166  11:44  Barracks Tech Lab  
  166  11:48  Ghost  
  166  11:50  Marine  
  166  11:51  Command Center  
  166  11:52  Marine  
  166  11:53  Marauder  
  172  11:57  Marauder, Marine, Supply Depot  
  175  12:03  Ghost  
  176  12:09  Marauder, Marine  
  176  12:10  Marine  
  176  12:11  Marauder  
  176  12:12  Marine  
  176  12:14  Marauder  
  183  12:16  Ghost  
  183  12:18  Ghost  
  153  12:23  Marine  
  153  12:27  Marine  
  153  12:29  Marine  
  137  12:31  Marauder, Medivac  
  137  12:32  Marauder x2  
  137  12:36  Marauder  
  137  12:37  Marine  
  137  12:41  Marine  
  137  12:43  Medivac  
  134  12:46  Marauder  
  134  12:47  Marauder  
  138  12:52  Marauder  
  138  12:53  Marauder  
  138  12:54  Marauder  
  138  12:56  Marine  
  138  12:57  Marauder  
  147  12:59  Marine  
  147  13:02  Marine  
  151  13:09  Marine  
Show
View Real Time Build Order
Export as new Build Order

OGZest Protoss - Winner!

Build Orders: 1 Gate Expand, Phoenix Opening, Blink Stalkers, Chargelot Immortal 

Get SALT Encoding   

  12  0:00  Probe  
  13  0:12  Probe  
  14  0:17  Pylon  
  14  0:23  Probe  
  15  0:31  Probe  
  16  0:36  Gateway  
  16  0:39  Probe  
  16  0:46  Assimilator  
  17  0:51  Probe  
  18  1:03  Probe  
  19  1:15  Probe  
  20  1:26  Cybernetics Core  
  20  1:34  Nexus  
  20  1:35  Probe  
  21  1:42  Pylon  
  21  1:47  Probe  
  21  1:51  Assimilator  
  21  1:52  Adept  
  22  1:59  Probe  
  23  2:03  Warp Gate  
  25  2:11  Probe  
  26  2:19  Probe  
  26  2:22  Sentry  
  28  2:27  Probe  
  30  2:38  Probe  
  30  2:42  Probe  
  30  2:43  Twilight Council  
  31  2:49  Stalker  
  31  2:50  Probe x2  
  35  2:55  Phoenix  
  36  3:00  Probe  
  36  3:02  Probe  
  38  3:05  Gateway  
  38  3:11  Blink  
  38  3:12  Probe  
  39  3:14  Probe  
  40  3:23  Stalker  
  40  3:24  Pylon  
  40  3:25  Probe  
  40  3:26  Probe  
  44  3:31  Assimilator  
  44  3:37  Probe  
  44  3:38  Probe  
  46  3:43  Robotics Facility  
  46  3:49  Probe  
  46  3:50  Probe  
  48  4:01  Probe  
  49  4:03  Probe, Nexus  
  49  4:07  Pylon  
  50  4:12  Probe  
  50  4:13  Probe  
  50  4:14  Forge  
  50  4:17  Pylon  
  52  4:20  Probe  
  52  4:21  Probe  
  52  4:26  Sentry  
  52  4:28  Probe  
  52  4:29  Stalker, Probe  
  58  4:34  Observer  
  58  4:35  Pylon  
  58  4:36  Phoenix  
  61  4:40  Probe, Shield Battery  
  61  4:41  Probe  
  61  4:43  Protoss Ground Armor Level 1  
  63  4:49  Observer  
  63  4:52  Stalker x2, Probe  
  68  4:58  Shield Battery  
  69  5:04  Probe x2  
  69  5:06  Pylon  
  71  5:08  Observer  
  71  5:09  Pylon  
  71  5:13  Observer  
  72  5:15  Stalker x2  
  76  5:22  Observer, Probe  
  76  5:23  Charge  
  76  5:24  Probe x2  
  79  5:30  Gateway  
  79  5:31  Gateway  
  79  5:34  Probe  
  80  5:36  Probe x2  
  80  5:39  Immortal  
  86  5:55  Probe x2  
  88  6:03  Gateway x2  
  88  6:05  Gateway x3  
  88  6:08  Observer, Forge, Pylon  
  88  6:09  Pylon  
  88  6:18  Observer, Immortal  
  88  6:23  Nexus  
  88  6:24  Pylon  
  92  6:30  Protoss Ground Armor Level 2, Stalker x2  
  88  6:40  Protoss Ground Weapons Level 1  
  88  6:41  Probe  
  88  6:42  Probe  
  88  6:45  Probe  
  91  6:53  Probe  
  91  6:54  Probe  
  91  7:02  Shield Battery  
  91  7:03  Warp Prism  
  91  7:04  Probe  
  92  7:11  Probe x2  
  94  7:26  Gateway  
  94  7:27  Probe x2, Pylon  
  96  7:31  Zealot x4  
  96  7:32  Zealot x4  
  112  7:39  Probe x3  
  112  7:40  Pylon  
  115  7:47  Nexus  
  115  7:48  Assimilator, Probe  
  115  7:50  Assimilator x2  
  116  7:51  Probe  
  116  7:52  Assimilator  
  116  7:54  Probe x2, Assimilator  
  119  8:00  Probe  
  119  8:03  Probe  
  121  8:06  Immortal  
  125  8:19  Stalker x7  
  137  8:20  Zealot  
  137  8:26  Zealot  
  141  8:39  Protoss Ground Weapons Level 2  
  141  8:40  Protoss Ground Armor Level 3  
  141  8:45  Pylon  
  141  8:47  Pylon  
  141  8:53  Probe x2  
  141  8:54  Probe x2  
  145  9:01  Zealot  
  145  9:02  Zealot x8  
  161  9:04  Warp Prism  
  131  9:20  Templar Archives  
  131  9:21  Robotics Facility  
  125  9:24  Probe x2  
  125  9:25  Probe x3, Robotics Facility  
  130  9:36  Probe  
  130  9:37  Probe x3, Pylon  
  134  9:47  Immortal  
  134  9:56  Zealot x9  
  134  9:58  Psionic Storm  
  148  10:17  Stalker x9  
  166  10:27  Observer  
  146  10:40  Zealot x4  
  146  10:41  Zealot x5  
  146  10:42  Immortal  
  131  11:01  Zealot x4  
  131  11:02  Zealot x5  
  147  11:06  Warp Prism  
  147  11:07  Immortal  
  147  11:08  Protoss Shields Level 1  
  153  11:17  Probe x2  
  153  11:18  Probe x2  
  157  11:23  High Templar x3  
  163  11:25  High Templar  
  163  11:26  Sentry x2  
  163  11:27  Sentry, High Templar x2  
  163  11:31  Archon  
  163  11:32  Nexus  
  175  11:35  Pylon  
  175  11:36  Robotics Bay  
  175  11:39  Probe x3  
  178  11:40  Probe  
  178  11:44  Dark Shrine  
  179  11:55  Pylon  
  179  11:57  Stalker x7  
  193  12:03  Zealot  
  195  12:11  Stalker  
  182  12:16  Observer  
  168  12:29  Stalker x8  
  172  12:43  Sentry  
  172  12:50  Probe  
  172  12:51  Probe x2  
  175  12:52  Sentry x4  
  175  12:53  Stalker x2  
  175  12:54  Stalker x2  
  153  13:25  Zealot x9  
Tags
 
Add a new tag
Caveats
  • Supply blocks, unpowered buildings, or Contaminate may cause inaccurate times.
  • Supply counts are checked every 10 seconds.